 Dungeon Crawl Stone Soup version 0.25-a0-869-g05d4e06a41 (webtiles) character file.

Game seed: 11309925436530038468, levelgen mode: deterministic

2466 gruber the Insei (level 9, -5/68 HPs)
             Began as a Gnoll Transmuter on Apr 30, 2020.
             Was a Believer of Okawaru.
             Slain by Harold
             ... wielding a +2 halberd of protection
              (26 damage)
             ... on level 7 of the Dungeon.
             The game lasted 00:10:21 (5804 turns).

gruber the Insei (Gnoll Transmuter)                 Turns: 5804, Time: 00:10:21

Health: -5/68      AC:  2    Str: 13    XL:     9   Next: 50%
Magic:  16/18      EV: 26    Int: 19    God:    Okawaru [**....]
Gold:   248        SH:  0    Dex: 20    Spells: 11/21 levels left

rFire    . . .     SeeInvis .     - Unarmed
rCold    . . .     Gourm    .   (shield currently unavailable)
rNeg     . . .     Faith    .   (armour currently unavailable)
rPois    x         Spirit   .   (helmet currently unavailable)
rElec    .         Reflect  .   (cloak currently unavailable)
rCorr    .         Harm     .   (gloves currently unavailable)
MR       .....                  (boots currently unavailable)
Stlth    +.........             (no amulet)
HPRegen  0.21/turn              (no ring)
MPRegen  0.16/turn              (no ring)

@: spider-form, marked, glowing
A: tiny, distributed training, strong nose
a: End Transformation, Heroism, Renounce Religion


You were on level 7 of the Dungeon.
You worshipped Okawaru.
Okawaru was pleased with you.
You were very hungry.
You were a venomous arachnid creature.
You visited 2 branches of the dungeon, and saw 10 of its levels.

You collected 248 gold pieces.

Inventory:

Hand Weapons
 q - a +1 spear of venom
 r - a +6 whip (melded)
Missiles
 a - 34 arrows
 f - 3 boomerangs (quivered)
 s - 17 javelins
Armour
 x - the +1 ring mail of Ru's Grace (melded) {MR+ Regen+}
   (You found it on level 5 of the Dungeon)

   It affects your resistance to hostile enchantments.
   It increases your rate of regeneration.
 y - a +0 cloak (melded)
Jewellery
 F - a cursed -2 ring of intelligence {unknown}
Wands
 l - a wand of clouds (7)
 v - a wand of random effects (24)
 A - a wand of iceblast (5)
Scrolls
 c - a scroll of fog {unknown}
 e - 9 scrolls of identify
 h - 5 scrolls of remove curse {unknown}
 i - 2 scrolls of fear {unknown}
 j - 2 scrolls of random uselessness {unknown}
 k - 3 scrolls of immolation {unknown}
 u - a scroll of vulnerability {unknown}
 w - a scroll of summoning {unknown}
 z - a scroll of teleportation {unknown}
 B - a scroll of magic mapping {unknown}
 C - 3 scrolls of noise {unknown}
Potions
 b - a potion of curing
 g - 2 potions of mutation {unknown}
 m - a potion of magic {unknown}
 n - a potion of stabbing {unknown}
 o - 2 potions of flight {unknown}
 p - 3 potions of heal wounds {unknown}
 t - a potion of cancellation {unknown}
 D - a potion of degeneration {unknown}
Comestibles
 d - 13 rations


   Skills:
 + Level 5.0 Fighting
 + Level 4.2 Short Blades
 + Level 4.2 Long Blades
 + Level 4.2 Axes
 + Level 4.2 Maces & Flails
 + Level 4.2 Polearms
 + Level 4.2 Staves
 + Level 4.2 Slings
 + Level 4.2 Bows
 + Level 4.2 Crossbows
 + Level 4.2 Throwing
 + Level 4.2 Armour
 + Level 6.3 Dodging
 + Level 4.2 Stealth
 + Level 4.2 Shields
 + Level 7.9 Unarmed Combat
 + Level 6.6 Spellcasting
 + Level 3.5 Conjurations
 + Level 3.5 Hexes
 + Level 3.5 Charms
 + Level 3.5 Summonings
 + Level 3.5 Necromancy
 + Level 3.5 Translocations
 + Level 5.2 Transmutations
 + Level 3.5 Fire Magic
 + Level 3.5 Ice Magic
 + Level 3.5 Air Magic
 + Level 3.5 Earth Magic
 + Level 3.5 Poison Magic
 + Level 4.6 Invocations
 + Level 4.2 Evocations


You had 11 spell levels left.
You knew the following spells:

 Your Spells              Type           Power        Failure   Level  Hunger
a - Beastly Appendage     Tmut           ####..       6%          1    None
b - Sticks to Snakes      Tmut           ####....     8%          2    None
c - Spider Form           Tmut/Pois      ###.......   16%         3    ##.....
d - Ice Form              Ice/Tmut       ###.....     36%         4    ####...

Your spell library contained the following spells:

 Spells                   Type           Power        Failure   Level  Hunger
 Blade Hands              Tmut           ####......   56%         5    #####..


Dungeon Overview and Level Annotations

Branches:
Dungeon (9/15)             Temple (1/1) D:5
   Lair: D:8-11         Orc: D:9-12

Altars:
Ashenzari
Elyvilon
Fedhas
Makhleb
Okawaru
Qazlal
Sif Muna
Trog
Uskayaw
Vehumet
The Shining One

Annotations:
D:7 2 transporters, Harold


Innate Abilities, Weirdness & Mutations

Your experience applies equally to all skills.
((You have very sharp teeth.))
Your uncanny sense of smell can sniff out nearby items.


Message History

Harold is lightly wounded.
You hit Harold but do no damage.
Harold is lightly wounded.
Harold hits you with a +2 halberd of protection!
You hit Harold but do no damage.
Harold is lightly wounded.
Harold hits you with a +2 halberd of protection!
* * * LOW HITPOINT WARNING * * *
You are too injured to fight recklessly!
You are too injured to fight recklessly!
You hit Harold but do no damage.
Harold is lightly wounded.
Harold gestures at you while chanting. A sentinel's mark forms upon you.
You hit Harold.
Harold looks as sick as possible!
Harold is lightly wounded.
You bite Harold!
Harold looks as sick as possible!
Harold is moderately wounded.
Harold hits you with a +2 halberd of protection!!
You die...

# .#..♣...##########
.#©.....#.........
##..♣.....#######.
##.####...########
##..#..#..## ##A## .
#.'.?#.#### #####
.##.#.z#.##.###§.§#
#!. #8##.....##._@# ∆
##. ###......##§s§#
.####...#....##...#
...........####§.§#
#............##...#
##...........###'###
##..#........#.....#.#
...###...............#
..[....##....#.....###
...##........###+###


You could see an angel and Harold.

Vanquished Creatures
  Maggie (D:7)
  A hippogriff (D:7)
  Edmund (D:5)
  2 ice beasts (D:5)
  A sky beast (D:7)
  4 phantoms
  3 ogres
  A centaur (D:7)
  A big kobold (D:5)
  A wyvern zombie (D:8)
  3 killer bees (D:7)
  A crimson imp (D:5)
  A jelly (D:7)
  3 hounds
  3 orc priests
  4 orc wizards
  3 worker ants
  2 hound skeletons
  A howler monkey zombie (D:6)
  A worker ant zombie (D:7)
  3 gnolls (D:4)
  A howler monkey skeleton (D:4)
  4 adders
  2 shadow imps
  An ooze (D:1)
  An adder skeleton (D:5)
  3 worms
  2 dart slugs (D:2)
  4 leopard geckos
  15 orcs
  A ball python (D:3)
  5 bats
  7 giant cockroaches
  7 goblins
  6 hobgoblins
  11 jackals
  2 quokkas (D:3)
  3 frilled lizards
  9 kobolds
  A quokka skeleton (D:6)
  9 rats
135 creatures vanquished.

Vanquished Creatures (collateral kills)
  An orc (D:7)
1 creature vanquished.

Grand Total: 136 creatures vanquished

Notes
Turn   | Place    | Note
-------+----------+-------------------------------------------
     0 | D:1      | gruber the Gnoll Transmuter began the quest for the Orb.
     0 | D:1      | Reached XP level 1. HP: 17/17 MP: 6/6
   195 | D:1      | Reached XP level 2. HP: 21/23 MP: 5/7
   687 | D:2      | Reached XP level 3. HP: 21/28 MP: 7/9
   798 | D:2      | Reached skill level 5 in Spellcasting
   823 | D:2      | Reached skill level 1 in Invocations
  1017 | D:2      | Learned a level 2 spell: Sticks to Snakes
  1021 | D:2      | Learned a level 3 spell: Spider Form
  1097 | D:2      | Reached skill level 1 in Short Blades
  1097 | D:2      | Reached skill level 1 in Long Blades
  1097 | D:2      | Reached skill level 1 in Axes
  1097 | D:2      | Reached skill level 1 in Maces & Flails
  1097 | D:2      | Reached skill level 1 in Polearms
  1097 | D:2      | Reached skill level 1 in Staves
  1097 | D:2      | Reached skill level 1 in Slings
  1097 | D:2      | Reached skill level 1 in Bows
  1097 | D:2      | Reached skill level 1 in Crossbows
  1097 | D:2      | Reached skill level 1 in Throwing
  1097 | D:2      | Reached skill level 1 in Armour
  1097 | D:2      | Reached skill level 1 in Stealth
  1097 | D:2      | Reached skill level 1 in Shields
  1097 | D:2      | Reached skill level 1 in Evocations
  1170 | D:2      | Reached XP level 4. HP: 34/34 MP: 11/11
  2051 | D:4      | Noticed an ogre
  2053 | D:4      | Noticed a phantom
  2062 | D:3      | Killed an ogre
  2062 | D:3      | Reached skill level 1 in Conjurations
  2062 | D:3      | Reached skill level 1 in Hexes
  2062 | D:3      | Reached skill level 1 in Charms
  2062 | D:3      | Reached skill level 1 in Summonings
  2062 | D:3      | Reached skill level 1 in Necromancy
  2062 | D:3      | Reached skill level 1 in Translocations
  2062 | D:3      | Reached skill level 1 in Fire Magic
  2062 | D:3      | Reached skill level 1 in Ice Magic
  2062 | D:3      | Reached skill level 1 in Air Magic
  2062 | D:3      | Reached skill level 1 in Earth Magic
  2062 | D:3      | Reached skill level 1 in Poison Magic
  2062 | D:3      | Reached XP level 5. HP: 41/41 MP: 9/12
  2341 | D:4      | Killed a phantom
  2341 | D:4      | Reached XP level 6. HP: 21/47 MP: 9/13
  2515 | D:4      | Learned a level 4 spell: Ice Form
  2568 | D:4      | Reached skill level 5 in Dodging
  3029 | D:4      | Got a twisted robe
  3030 | D:4      | Identified the +2 robe of the Boiling Point {rElec rF- rC+}
                  | (You found it on level 4 of the Dungeon)
  3059 | D:5      | Entered Level 5 of the Dungeon
  3114 | D:5      | Noticed Edmund
  3125 | D:5      | Killed Edmund
  3125 | D:5      | Reached XP level 7. HP: 52/52 MP: 11/15
  3165 | D:5      | Reached skill level 7 in Unarmed Combat
  3285 | D:5      | Found a hide-covered altar of Uskayaw.
  3290 | D:5      | Found a staircase to the Ecumenical Temple.
  3299 | Temple   | Entered the Ecumenical Temple
  3333 | Temple   | Became a worshipper of Warmaster Okawaru
  3584 | D:5      | Reached XP level 8. HP: 22/60 MP: 13/16
  3846 | D:5      | Reached * piety under Okawaru
  3992 | D:5      | Got a crude ring mail
  3993 | D:5      | Identified the +1 ring mail of Ru's Grace {MR+ Regen+} (You
                  | found it on level 5 of the Dungeon)
  4379 | D:6      | Found a burning altar of Makhleb.
  4393 | D:6      | You fall into a shaft and drop 3 floors!
  4667 | D:7      | Noticed Maggie
  4683 | D:7      | Killed Maggie
  4683 | D:7      | Reached ** piety under Okawaru
  4853 | D:7      | Reached XP level 9. HP: 66/66 MP: 13/18
  4858 | D:7      | Reached skill level 5 in Transmutations
  4956 | D:7      | Noticed a gargoyle
  5375 | D:6      | Reached skill level 5 in Fighting
  5511 | D:6      | Found an iron altar of Okawaru.
  5569 | D:6      | Found a bloodstained altar of Trog.
  5750 | D:7      | Found a transporter.
  5768 | D:7      | Found a transporter.
  5792 | D:7      | Found a glowing golden altar of the Shining One.
  5792 | D:7      | Noticed Harold
  5795 | D:7      | Noticed an angel
  5804 | D:7      | Slain by Harold

Levels and vault maps discovered:
D:1:      wander_arrival_fairy_ring, layout_basic
D:2:      layout_basic, first_ration
D:3:      layout_basic, chequers_serial_rivers_micro_b
D:4:      layout_cave_pools
D:5:      layout_loops_cross, lemuel_crystal_altar,
          minmay_temple_entry_drinking_statues, uniq_edmund
D:6:      layout_loops_corners, kennysheep_mini, basic_altar, minivault_23,
          chequers_serial_rivers_micro_e, makhleb_heckhound_becter
D:7:      gammafunk_the_bubble [the_bubble_gammafunk_crates], layout_cave_pools,
          grunt_temple_overflow_holy_war, minmay_manual_maat, uniq_harold,
          uniq_maggie
D:8:      layout_gridville, serial_shops, nicolae_shop_stone, shop, shop
D:9:      layout_roguey, erik_lair_orcish_takeover, orc_0_dummy, uniq_psyche
Temple:   hc_temple_tempest_star

Skill      XL: |  1  2  3  4  5  6  7  8  9 |
---------------+----------------------------+-----
Spellcasting   | 5 6 |  6.6
Invocations    | 1 2 3 4 |  4.6
Short Blades   | 1 2 3 4 |  4.2
Long Blades    | 1 2 3 4 |  4.2
Axes           | 1 2 3 4 |  4.2
Maces & Flails | 1 2 3 4 |  4.2
Polearms       | 1 2 3 4 |  4.2
Staves         | 1 2 3 4 |  4.2
Slings         | 1 2 3 4 |  4.2
Bows           | 1 2 3 4 |  4.2
Crossbows      | 1 2 3 4 |  4.2
Throwing       | 1 2 3 4 |  4.2
Armour         | 1 2 3 4 |  4.2
Stealth        | 1 2 3 4 |  4.2
Shields        | 1 2 3 4 |  4.2
Evocations     | 1 2 3 4 |  4.2
Fighting       | 3 4 5 |  5.0
Conjurations   | 1 2 3 |  3.5
Hexes          | 1 2 3 |  3.5
Charms         | 1 2 3 |  3.5
Summonings     | 1 2 3 |  3.5
Necromancy     | 1 2 3 |  3.5
Translocations | 1 2 3 |  3.5
Fire Magic     | 1 2 3 |  3.5
Ice Magic      | 1 2 3 |  3.5
Air Magic      | 1 2 3 |  3.5
Earth Magic    | 1 2 3 |  3.5
Poison Magic   | 1 2 3 |  3.5
Transmutations | 4 5 |  5.2
Dodging        | 5 6 |  6.3
Unarmed Combat | 7 |  7.9

Action                   |  1- 3 |  4- 6 |  7- 9 || total
-------------------------+-------+-------+-------++-------
Melee: Unarmed           |    92 |    34 |   144 ||   270
       Bite              |    13 |     7 |    12 ||    32
       Kick              |     6 |       |       ||     6
       Punch             |     2 |     1 |     2 ||     5
       Spear             |     9 |    22 |       ||    31
       Headbutt          |     3 |       |       ||     3
       Whip              |       |    55 |    81 ||   136
Throw: Javelin           |       |     3 |       ||     3
 Cast: Beastly Appendage |    10 |       |       ||    10
       Spider Form       |       |     5 |    11 ||    16
       Sticks to Snakes  |       |     2 |     8 ||    10
       Ice Form          |       |       |     6 ||     6
Invok: Heroism           |       |       |     2 ||     2
  Use: Scroll            |       |     1 |     1 ||     2
       Potion            |       |       |     2 ||     2
 Stab: Sleeping          |     3 |     5 |     3 ||    11
  Eat: Chunk             |       |     7 |     6 ||    13
       Ration            |       |       |     1 ||     1
Armor: Robe              |     8 |       |       ||     8
       Leather armour    |     6 |    13 |     6 ||    25
       Skin              |       |     1 |     9 ||    10
       Ring mail         |       |       |    15 ||    15
Dodge: Dodged            |    57 |    76 |   179 ||   312

Table legend:
 A = Non-vault XP
 B = Vault XP
 C = Vault XP percentage of total XP
 D = Non-vault monster count
 E = Vault monster count
 F = Vault count percentage of total count
                 A         B        C        D         E       F
            +---------+---------+-------+---------+---------+-------
      Total |    2641 |     882 |  25.0 |     131 |       5 |   3.7
            +---------+---------+-------+---------+---------+-------
        D:1 |      30 |       0 |   0.0 |      17 |       0 |   0.0
        D:2 |      61 |       0 |   0.0 |      26 |       0 |   0.0
        D:3 |     193 |       0 |   0.0 |      18 |       0 |   0.0
        D:4 |     229 |       0 |   0.0 |      19 |       0 |   0.0
        D:5 |     717 |     153 |  17.6 |      23 |       1 |   4.2
        D:6 |     425 |      42 |   9.0 |      12 |       1 |   7.7
        D:7 |     661 |     687 |  51.0 |      13 |       3 |  18.8
        D:8 |     325 |       0 |   0.0 |       3 |       0 |   0.0
            +---------+---------+-------+---------+---------+-------
